 Dungeon Crawl Stone Soup version 0.23.2-1-ga50397a6bc (webtiles) character file.

Game seed: 3695924869553488247

18146 Banto the Basher (level 11, -5/95 HPs)
             Began as a Demigod Wanderer on May 27, 2019.
             Slain by a polar bear (19 damage)
             ... in an ice cave.
             The game lasted 00:27:09 (14068 turns).

Banto the Basher (Demigod Wanderer)                Turns: 14068, Time: 00:27:10

Health: -5/95      AC: 13    Str: 19    XL:     11   Next: 99%
Magic:  14/14      EV: 24    Int: 18    God:
Gold:   998        SH:  6    Dex: 24    Spells: 10/10 levels left

rFire    . . .     SeeInvis .   I - +12 flail of the Dead {holy, *Corrode +Rage rC+ rN++}
rCold    + . .     Gourm    .   z - +0 buckler
rNeg     + + .     Faith    .   K - +2 troll leather armour
rPois    .         Spirit   .   (no helmet)
rElec    .         Reflect  .   (no cloak)
rCorr    .         Harm     .   n - +2 pair of gloves {Str+3}
MR       +....                  p - +1 pair of boots
Stlth    ++........             y - amulet of regeneration
HPRegen  1.05/turn              x - +4 ring of evasion
MPRegen  0.14/turn              v - +6 ring of dexterity

@: no status effects
A: high mp 1
a: Evoke Berserk Rage


You were in an ice cave.
You were not hungry.

You visited 2 branches of the dungeon, and saw 12 of its levels.
You also visited: Ossuary, Bailey, Gauntlet and Ice Cave.

You collected 998 gold pieces.

Inventory:

Hand Weapons
 t - a +0 morningstar
 I - the +12 flail of the Dead (weapon) {holy, *Corrode +Rage rC+ rN++}
   (You found it in a bailey)

   It has been blessed by the Shining One to cause great damage to the undead
   and demons.
   It protects you from cold.
   It greatly protects you from negative energy.
   It lets you go berserk.
   It may corrode you when you take damage.
Armour
 b - a +3 scale mail
 n - a +2 pair of gloves of strength (worn)
 p - a +1 pair of boots (worn)
 z - a +0 buckler (worn)
 K - a +2 troll leather armour (worn)
Jewellery
 k - an uncursed ring of see invisible
 v - a +6 ring of dexterity (right hand)
 x - a +4 ring of evasion (left hand)
 y - an amulet of regeneration (around neck)
 G - the brooch of Shielding {Reflect SH+8}
   (You took it off a minotaur in a Gauntlet)

   [amulet of reflection]

   It shields you and reflects attacks.
   It affects your SH (+8).
 U - the amulet of the Four Winds {rN+ MR+++ Clar}
   (You found it in a Gauntlet)

   [amulet of nothing]

   It protects you from negative energy.
   It affects your resistance to hostile enchantments.
   It protects you against confusion.
Wands
 g - a wand of digging (3)
 r - a wand of flame (2)
 u - a wand of scattershot (10)
 w - a wand of acid (21)
 O - a wand of random effects (11)
 T - a wand of disintegration (18)
 V - a wand of enslavement (9)
Scrolls
 e - 6 scrolls of remove curse
 o - 2 scrolls of enchant weapon
 A - 2 scrolls of enchant armour
 B - 2 scrolls of amnesia
 D - 6 scrolls of teleportation
 L - 2 scrolls of identify
 M - a scroll of acquirement
 N - a scroll of magic mapping
 P - a scroll of fear
 Q - 3 scrolls of fog
 R - a scroll of blinking
Potions
 a - a potion of haste {unknown}
 c - 7 potions of curing
 d - a potion of invisibility {unknown}
 h - 3 potions of resistance
 i - a potion of degeneration {unknown}
 j - 2 potions of magic
 l - 8 potions of flight
 m - 6 potions of might
 q - 4 potions of mutation
 s - 4 potions of brilliance {unknown}
 C - a potion of agility {unknown}
 E - 2 potions of cancellation {unknown}
 F - 4 potions of heal wounds {unknown}
 J - a potion of lignification
Miscellaneous
 S - a phial of floods
Comestibles
 f - 30 rations
 H - 5 chunks of flesh


   Skills:
 + Level 8.3 Fighting
 - Level 11.1 Maces & Flails
   Level 5.2 Polearms
 + Level 8.3 Armour
 + Level 8.3 Dodging
 - Level 1.7 Stealth
 - Level 4.0 Shields


You had 10 spell levels left.
You didn't know any spells.
Your spell library was empty.

Dungeon Overview and Level Annotations

Branches:
Dungeon (11/15)            Temple (0/1) D:7            Lair (1/6) D:10
    Orc: D:9-12

Shops:
D:9 (


Innate Abilities, Weirdness & Mutations

You have an increased reservoir of magic. (+10% MP)


Message History

You are too injured to fight recklessly!
You are too injured to fight recklessly!
You are too injured to fight recklessly!
You fail to use your ability.
The polar bear completely misses you. x2
The polar bear closely misses you. The polar bear bites you.
The polar bear completely misses you. You block the polar bear's attack. x2
The polar bear claws you but does no damage.
The polar bear barely misses you.
You hit the polar bear.
The polar bear is almost dead.
The polar bear bites you!!
* * * LOW HITPOINT WARNING * * *
You block the polar bear's attack. x2
Unknown command.
You hit the polar bear.
The polar bear is almost dead.
The polar bear completely misses you. x3; You block the polar bear's attack.
The polar bear closely misses you. The polar bear completely misses you.
The polar bear bites you!!
You die...

#...∩.÷.#
##.....##
##...##
#...## ##...#
##...#
##...##
#...## #†@##
##hh## ##hh#
#..# ....#
.h.....
.........
......#.....
....###......


You could see 3 polar bears and a wolf.

Vanquished Creatures
  A minotaur (Gauntlet)
  A hydra (D:11)
  A two-headed ogre (D:8)
  The ghost of Mrkan the Basher, a novice GrFi of Gozag (D:9)
  2 sixfirhies (Gauntlet)
  2 orc knights (Bailey)
  An orc sorcerer (Bailey)
  A black mamba (Lair:1)
  Joseph (D:7)
  2 spiny frogs (Lair:1)
  A rime drake (Lair:1)
  A komodo dragon (Lair:1)
  A kobold demonologist (Bailey)
  A troll (D:11)
  2 polar bears (IceCv)
  3 hippogriffs
  A shadow (D:11)
  A spriggan (D:7)
  12 yaks
  2 water moccasins
  8 orc warriors
  A porcupine (Lair:1)
  2 sky beasts
  3 black bears
  An ice beast (D:8)
  7 ogres
  8 centaurs
  5 wolves (IceCv)
  3 crocodiles
  A big kobold (D:8)
  8 bullfrogs
  8 water moccasin zombies (Ossuary)
  2 scorpions
  16 killer bees
  5 electric eels
  3 howler monkeys
  2 bullfrog zombies
  5 crimson imps
  A quasit (D:5)
  A centaur zombie (D:8)
  5 hounds
  2 jellies
  9 orc priests
  2 centaur skeletons
  A gnoll shaman (D:7)
  16 orc wizards
  Ijyb (D:3)
  3 iguanas
  12 worker ants
  A killer bee zombie (D:5)
  3 big kobold zombies (Ossuary)
  A hound skeleton (D:7)
  2 mummies (Ossuary)
  A howler monkey zombie (D:7)
  3 worker ant zombies
  9 gnolls
  9 adders
  3 shadow imps
  12 white imps (Lair:1)
  5 ufetubi (Gauntlet)
  3 adder zombies (Ossuary)
  5 dart slugs
  5 leopard geckos
  55 orcs
  2 ball pythons
  5 giant cockroaches
  3 gnoll zombies (Ossuary)
  17 goblins
  18 hobgoblins
  6 jackals
  15 kobolds
  6 quokkas
  7 bats
  6 frilled lizards
  4 hobgoblin zombies (Ossuary)
  A jackal skeleton (D:5)
  9 kobold zombies (Ossuary)
  3 leopard gecko skeletons
  2 orc zombies (Ossuary)
  A quokka skeleton (D:5)
  9 rats
410 creatures vanquished.

Vanquished Creatures (others)
  3 withered plants (Gauntlet)
3 creatures vanquished.

Grand Total: 413 creatures vanquished

Notes
Turn   | Place    | Note
-------+----------+-------------------------------------------
     0 | D:1      | Banto the Demigod Wanderer began the quest for the Orb.
     0 | D:1      | Banto set off with the following items: a +0 spear, a +2
                  | scale mail, a potion of curing, a +0 dagger, a ration
     0 | D:1      | Reached XP level 1. HP: 22/22 MP: 3/3
   322 | D:1      | Reached XP level 2. HP: 26/28 MP: 4/4
   397 | D:1      | Reached skill level 1 in Dodging
  1337 | D:2      | Reached XP level 3. HP: 35/35 MP: 5/5
  1544 | D:2      | Reached skill level 5 in Fighting
  2052 | D:2      | Reached XP level 4. HP: 41/42 MP: 6/6
  2508 | D:3      | Reached skill level 1 in Polearms
  2660 | D:3      | Reached XP level 5. HP: 45/48 MP: 7/7
  2665 | D:3      | Noticed Ijyb
  2692 | D:3      | Killed Ijyb
  3201 | D:3      | Found a faded altar of an unknown god.
  3442 | D:4      | Noticed an ogre
  3499 | D:3      | Killed an ogre
  3499 | D:3      | Reached XP level 6. HP: 38/56 MP: 8/8
  4823 | D:5      | Entered Level 5 of the Dungeon
  4925 | D:5      | Reached skill level 5 in Armour
  4925 | D:5      | Reached XP level 7. HP: 48/61 MP: 9/9
  5224 | D:5      | Reached skill level 1 in Shields
  5478 | D:5      | Found an opulent altar of Gozag.
  5910 | D:6      | Found an opulent altar of Gozag.
  6101 | D:6      | Found a sand-covered staircase.
  6123 | D:6      | Reached skill level 5 in Dodging
  6184 | Ossuary  | Entered an ossuary
  6221 | Ossuary  | Reached XP level 8. HP: 68/68 MP: 10/10
  6279 | Ossuary  | Reached skill level 5 in Polearms
  6385 | Ossuary  | Reached skill level 1 in Maces & Flails
  6395 | Ossuary  | Reached skill level 2 in Maces & Flails
  6557 | D:6      | Reached skill level 3 in Maces & Flails
  6772 | D:5      | Reached skill level 4 in Maces & Flails
  7304 | D:7      | Reached skill level 5 in Maces & Flails
  7321 | D:7      | Reached XP level 9. HP: 58/74 MP: 11/11
  7381 | D:7      | Noticed Joseph
  7526 | D:6      | Reached skill level 6 in Maces & Flails
  7805 | D:7      | Killed Joseph
  7805 | D:7      | Reached skill level 7 in Maces & Flails
  7855 | D:7      | Found a bloodstained altar of Trog.
  7950 | D:7      | Reached skill level 8 in Maces & Flails
  7987 | D:7      | Found a staircase to the Ecumenical Temple.
  8529 | D:8      | Reached skill level 9 in Maces & Flails
  8709 | D:8      | Found a flagged portal.
  8730 | Bailey   | Entered a bailey
  8960 | Bailey   | Found an iron altar of Okawaru.
  8960 | Bailey   | Noticed an orc sorcerer
  8960 | Bailey   | Noticed a kobold demonologist
  8982 | Bailey   | Paralysed by an orc sorcerer for 4 turns
  8988 | Bailey   | Killed an orc sorcerer
  8988 | Bailey   | Reached XP level 10. HP: 59/81 MP: 13/13
  9100 | Bailey   | Reached skill level 10 in Maces & Flails
  9265 | Bailey   | Got a brightly glowing flail
  9266 | Bailey   | Identified the +12 flail of the Dead {holy, *Corrode +Rage
                  | rC+ rN++} (You found it in a bailey)
  9362 | Bailey   | Noticed an orc knight
  9388 | Bailey   | Killed an orc knight
  9668 | Bailey   | Noticed an orc knight
  9675 | Bailey   | Killed an orc knight
  9675 | Bailey   | Reached skill level 11 in Maces & Flails
  9930 | D:8      | Noticed a two-headed ogre
 10266 | D:8      | Killed a two-headed ogre
 10917 | D:9      | Found Wyojit's Weapon Boutique.
 10949 | D:9      | Found a burning altar of Makhleb.
 11241 | D:9      | Found a runed translucent door.
 11244 | D:9      | Noticed Mrkan's ghost (novice GrFi)
 11442 | D:10     | Entered Level 10 of the Dungeon
 11474 | D:10     | Reached XP level 11. HP: 89/89 MP: 14/14
 11641 | D:10     | Found an iron altar of Okawaru.
 11641 | D:10     | You fall through a shaft!
 11782 | D:11     | Noticed a six-headed hydra
 11794 | D:11     | Killed a six-headed hydra
 11839 | D:11     | Found a gate leading to a gauntlet.
 11845 | Gauntlet | Entered a Gauntlet
 11845 | Gauntlet | Found a transporter.
 11845 | Gauntlet | Found a transporter.
 11845 | Gauntlet | Found a transporter.
 11846 | Gauntlet | Found a transporter.
 11847 | Gauntlet | Noticed a sixfirhy
 11848 | Gauntlet | Found a large runed translucent door.
 11849 | Gauntlet | Found a large runed translucent door.
 11850 | Gauntlet | Found a large runed translucent door.
 11850 | Gauntlet | Found a large runed translucent door.
 11850 | Gauntlet | Found a transporter.
 11850 | Gauntlet | Found a runed translucent door.
 11851 | Gauntlet | Found a large runed translucent door.
 11852 | Gauntlet | Found a transporter.
 11852 | Gauntlet | Found a large runed translucent door.
 11853 | Gauntlet | Found a large runed translucent door.
 11853 | Gauntlet | Found a large runed translucent door.
 11854 | Gauntlet | Found a runed translucent gate.
 11854 | Gauntlet | Found a runed translucent gate.
 11856 | Gauntlet | Found a transporter.
 11858 | Gauntlet | Found a transporter.
 11858 | Gauntlet | Noticed a sixfirhy
 11859 | Gauntlet | Found a transporter.
 11861 | Gauntlet | Found a transporter.
 11865 | Gauntlet | Noticed an obsidian statue
 11868 | Gauntlet | Noticed a ghost crab
 11869 | Gauntlet | Found a transporter.
 11873 | Gauntlet | Found a transporter.
 11958 | Gauntlet | Found a large runed translucent door.
 11959 | Gauntlet | Found a large runed translucent door.
 11960 | Gauntlet | Found a large runed translucent door.
 11960 | Gauntlet | Found a large runed translucent door.
 11960 | Gauntlet | Found a runed translucent door.
 11961 | Gauntlet | Found a large runed translucent door.
 11962 | Gauntlet | Found a large runed translucent door.
 11963 | Gauntlet | Found a large runed translucent door.
 11963 | Gauntlet | Found a large runed translucent door.
 11971 | Gauntlet | Found a runed translucent gate.
 12051 | Gauntlet | Killed a sixfirhy
 12107 | Gauntlet | Killed a sixfirhy
 12118 | Gauntlet | Got a steaming mace
 12282 | Gauntlet | Identified the +1 mace of Calculation {crush, *Noise rN+
                  | Str+4 Int+3} (You found it in a Gauntlet)
 12293 | Gauntlet | Noticed a minotaur
 12306 | Gauntlet | Killed a minotaur
 12350 | Gauntlet | Found the amulet of the Four Winds {rN+ MR+++ Clar}
 13519 | D:10     | Found a staircase to the Lair.
 13582 | D:9      | Killed Mrkan's ghost
 13633 | Lair:1   | Entered Level 1 of the Lair of Beasts
 13970 | Lair:1   | Found a frozen archway.
 14007 | IceCv    | Entered an ice cave
 14068 | IceCv    | Slain by a polar bear

Skill      XL: |  1  2  3  4  5  6  7  8  9 10 11 |
---------------+----------------------------------+-----
Armour         | 3 4 5 6 8 |  8.3
Dodging        | 1 2 3 4 5 6 8 |  8.3
Fighting       | 5 6 8 |  8.3
Polearms       | 1 2 3 4 5 |  5.2
Shields        | 2 4 |  4.0
Maces & Flails | 5 9 11 | 11.1
Stealth        | |  1.7

Action                   |  1- 3 |  4- 6 |  7- 9 | 10-12 || total
-------------------------+-------+-------+-------+-------++-------
Melee: Spear             |   216 |   362 |   274 |       ||   852
       Morningstar       |       |       |   527 |    83 ||   610
       Unarmed           |       |       |    22 |       ||    22
       Flail             |       |       |       |   495 ||   495
 Abil: Evoke Berserk Rag |       |       |       |     3 ||     3
Evoke: Wand              |       |     1 |     2 |     7 ||    10
  Use: Scroll            |     8 |     4 |     4 |     7 ||    23
       Potion            |       |     3 |       |       ||     3
 Stab: Sleeping          |       |     1 |       |     2 ||     3
       Distracted        |       |       |       |     1 ||     1
  Eat: Chunk             |     3 |     9 |    17 |    16 ||    45
       Ration            |       |       |       |     1 ||     1
Armor: Scale mail        |    87 |   128 |   265 |    41 ||   521
       Troll leather arm |       |       |       |    66 ||    66
Dodge: Dodged            |   101 |   144 |   749 |   454 ||  1448
Block: Other             |     1 |    20 |       |       ||    21
       Buckler           |       |       |   264 |   179 ||   443
       Reflection        |       |       |     4 |       ||     4
